 Dungeon Crawl Stone Soup version 0.29.1-15-g9cfb28693d (webtiles) character file.

Game seed: 17168584263636879670

2927 croobank the Covert (level 9, -28/61 HPs)
             Began as an Octopode Delver on Feb 25, 2023.
             Was an Initiate of Gozag.
             Annihilated by a two-headed ogre
             ... wielding a +0 giant club
              (34 damage)
             ... on level 9 of the Dungeon.
             The game lasted 00:28:51 (8661 turns).

croobank the Covert (Octopode Delver)               Turns: 8661, Time: 00:28:51

Health: -28/61     AC:  2    Str: 11    XL:     9   Next: 79%
Magic:  12/16      EV: 14    Int: 17    God:    Gozag
Gold:   352        SH:  5    Dex: 13    Spells: 12/18 levels left

rFire   . . .      SeeInvis .   a - +9 short sword of Shrieking Terror {drain, rCorr}
rCold   . . .      Faith    .   y - +1 buckler
rNeg    . . .      Spirit   .   p - +1 hat
rPois   .          Reflect  .   A - amulet of regeneration
rElec   .          Harm     .   q - ring of willpower
rCorr   +          Rampage  .   r - ring of resist corrosion
Will    +....                   (no ring)
Stlth   +++++.....              (no ring)
HPRegen 1.00/turn               (no ring)
MPRegen 0.15/turn               (no ring)
                                (no ring)
                                (no ring)

@: no status effects
A: almost no armour, amphibious, 8 rings, camouflage 1, gelatinous body 1,
(nimble swimmer 1), tentacles
a: Renounce Religion, Potion Petition, Call Merchant, Bribe Branch


You were on level 9 of the Dungeon.
You worshipped Gozag.
Gozag was aware of your devotion.
You visited 2 branches of the dungeon, and saw 10 of its levels.

You collected 625 gold pieces.
You spent 90 gold pieces at shops.
You paid 183 gold pieces to Gozag.

Inventory:

Hand Weapons
 a - the +9 short sword of Shrieking Terror (weapon) {drain, rCorr}
   (You found it on level 2 of the Dungeon)

   A truly terrible weapon, it drains the life of any living foe it strikes.
   rCorr:     It protects you from acid and corrosion.
 b - a +0 sling of chaos
 g - a +2 short sword of speed
 t - a +0 trident
 v - a +5 dagger of flaming
 B - a +2 vampiric spear
 H - a +2 war axe of electrocution
 L - a +4 dagger of venom
 N - a +2 scimitar of flaming
Missiles
 l - 15 poisoned darts (quivered)
 G - 2 throwing nets
 M - 4 silver boomerangs
Armour
 p - a +1 hat (worn)
 y - a +1 buckler (worn)
Jewellery
 n - a ring of ice
 q - a ring of willpower (left tentacle)
 r - a ring of resist corrosion (right tentacle)
 A - an amulet of regeneration (around mantle)
Wands
 f - a wand of digging (1)
 m - a wand of mindburst (12)
 s - a wand of flame (46)
 F - a wand of polymorph (7)
 J - a wand of charming (10)
 K - a wand of acid (2)
Scrolls
 c - 2 scrolls of magic mapping
 e - 3 scrolls of vulnerability
 h - 2 scrolls of silence
 u - 3 scrolls of fear
 x - a scroll of fog
 C - 2 scrolls of teleportation
 E - a scroll of enchant weapon
 I - 2 scrolls of amnesia
Potions
 d - a potion of flight
 i - 2 potions of mutation
 j - 4 potions of lignification
 k - a potion of cancellation
 o - a potion of haste
 w - a potion of brilliance
 z - a potion of heal wounds
 D - a potion of might
 O - a potion of attraction {unknown}


   Skills:
 + Level 5.4 Fighting
 + Level 3.9 Short Blades
 - Level 2.6 Axes
 + Level 4.9 Dodging
 + Level 9.3 Stealth
 - Level 3.0 Shields
 + Level 5.2 Spellcasting
 + Level 1.4 Transmutations
 + Level 1.3 Air Magic
 * Level 7.2 Poison Magic


You had 12 spell levels left.
You knew the following spells:

 Your Spells              Type           Power      Damage    Failure   Level
a - Poisonous Vapours     Pois/Air       38%        N/A       4%          2
b - Olgreb's Toxic Radia  Pois           29%        N/A       10%         4

Your spell library contained the following spells:

 Spells                   Type           Power      Damage    Failure   Level
 Sting                    Tmut/Pois      76%        1d6       3%          1
 Magic Dart               Conj           16%        1d3       19%         1
 Sandblast                Erth           8%         2d5       19%         1
 Passwall                 Tmut/Erth      5%         N/A       21%         2
 Searing Ray              Conj           8%         2d4       28%         2
 Stone Arrow              Conj/Erth      8%         3d7       50%         3
 Fulminant Prism          Conj/Hex       2%         3d6       88%         4


Dungeon Overview and Level Annotations

Branches:
Dungeon (9/15)             Temple (1/1) D:4            Lair (0/5) D:8
    Orc: D:9-12

Altars:
Ashenzari
Cheibriados
Dithmenos
Elyvilon
Fedhas
Gozag
Hepliaklqana
Kikubaaqudgha
Makhleb
Nemelex Xobeh
Okawaru
Qazlal
Ru
Sif Muna
Trog
Uskayaw
Vehumet
Wu Jian
Xom
Yredelemnul
Zin
The Shining One

Shops:
D:5 :

Annotations:
D:1 1 transporter
D:5 moth of wrath, Blork the orc
D:9 Psyche


Innate Abilities, Weirdness & Mutations

You cannot wear most types of armour.
You are amphibious.
You can wear up to eight rings at the same time.
Your skin changes colour to match your surroundings (Stealth+).
Your rubbery body absorbs attacks. (AC +1, EV +1)
((You are camouflaged when in or above water. (Stealth+)))
You have tentacles for arms and can constrict up to eight enemies at once.


Message History

There is a stone staircase leading down here.
Found 2 stones.
Found an escape hatch in the floor.
There is an escape hatch in the floor here.
O - a golden potion
Found a plate armour.
Psyche the Insane Magess comes into view.
She is wielding a +0 dagger of chaos.
Found 6 stones.
A two-headed ogre comes into view.
It is wielding a +0 giant club and a +0 giant spiked club.
Found a ring mail.
The two-headed ogre shouts in stereo!
Psyche shouts!
Cast which spell? (? or * to list)
You begin to radiate toxic energy.
Psyche is poisoned.
The two-headed ogre is poisoned.
Psyche looks even sicker.
Psyche casts a spell.
A swirling arc of seething chaos appears!
The arc of chaos hits you.
Psyche mumbles some strange words.
A swirling arc of seething chaos appears!
The arc of chaos hits the two-headed ogre.
The two-headed ogre is drained!
Your toxic aura wanes.
Aiming: Mindburst
Press: ? - help, Shift-Dir - straight line, f - two-headed ogre
Aim: a two-headed ogre, wielding a +0 giant club and a +0 giant spiked club (moderately wounded, poisoned, lightly drained, chance to affect: 50%)
The two-headed ogre resists with some effort.
You hit the two-headed ogre.
The two-headed ogre is moderately wounded.
The two-headed ogre completely misses you.
The two-headed ogre hits you with a +0 giant spiked club!!
You hit the two-headed ogre.
The two-headed ogre is moderately wounded.
Psyche looks braver for a moment.
The two-headed ogre hits you with a +0 giant club!!
* * * LOW HITPOINT WARNING * * *
The two-headed ogre hits you with a +0 giant spiked club!!
Ouch! That really hurt!
You die...
Your body crumbles into a pile of gold.

#..............#
#...........#..#
.............#.##
......#........##
..............#
............####
........##..#
............#
.......@O@..#
........##..#
......[.....#
$..............
..............#
.......(#.[....#
..#....##.....#
##.# ####..# ##
.##


You could see a two-headed ogre (poisoned, drained) and Psyche (very poisoned).

Vanquished Creatures
  Erica (D:9)
  A water moccasin (D:8)
  2 orc warriors
  3 black bears
  An ice beast (D:7)
  A sky beast (D:7)
  2 centaurs
  3 ogres
  2 phantoms
  A kobold brigand (D:6)
  2 bullfrogs (D:8)
  2 scorpions
  A necrophage (D:8)
  A howler monkey (D:6)
  2 orc priests
  A hound (D:6)
  2 gnoll boudas
  Ijyb (D:5)
  2 iguanas
  Natasha (thrice) (D:2)
  An orc wizard (D:8)
  Robin (D:2)
  14 gnolls
  7 adders
  A shadow imp (D:6)
  A white imp (D:7)
  3 dart slugs
  13 orcs
  4 endoplasms
  2 giant cockroaches
  11 goblins
  12 hobgoblins
  2 jackals (D:2)
  2 quokkas
  6 ball pythons
  3 bats
  6 frilled lizards
  8 kobolds
  A rat (D:5)
132 creatures vanquished.

Vanquished Creatures (others)
  22 plants (D:3)
22 creatures vanquished.

Grand Total: 154 creatures vanquished

Notes
Turn   | Place    | Note
-------+----------+-------------------------------------------
     0 | D:5      | croobank the Octopode Delver began the quest for the Orb.
     0 | D:5      | Reached XP level 1. HP: 16/16 MP: 1/1
   248 | D:5      | Noticed a hound
   280 | D:5      | Noticed Blork the orc
   323 | D:6      | Reached XP level 2. HP: 21/21 MP: 2/2
   358 | D:5      | Noticed a moth of wrath
   358 | D:5      | Found a bloodstained altar of Trog.
   377 | D:5      | Noticed a black bear
   445 | D:5      | Noticed an ogre
   470 | D:5      | Noticed Ijyb
   472 | D:4      | Noticed a scorpion
   618 | D:4      | Found a staircase to the Ecumenical Temple.
   635 | Temple   | Entered the Ecumenical Temple
  1362 | D:3      | Reached XP level 3. HP: 26/26 MP: 3/3
  1516 | D:2      | Noticed Natasha
  1526 | D:2      | Killed Natasha
  1527 | D:2      | Reached skill level 7 in Stealth
  1705 | D:2      | Reached skill level 1 in Poison Magic
  1807 | D:2      | Reached XP level 4. HP: 31/31 MP: 3/5
  1939 | D:2      | Identified the +9 short sword of Shrieking Terror {drain,
                  | rCorr}
  1978 | D:2      | Noticed Robin
  2103 | D:2      | Killed Robin
  2104 | D:2      | Reached skill level 1 in Spellcasting
  2333 | D:1      | Found a faded altar of an unknown god.
  2594 | D:1      | Found a transporter.
  2602 | D:1      | Found a transporter.
  2693 | D:1      | Reached XP level 5. HP: 36/36 MP: 6/6
  2724 | D:1      | Learned a level 2 spell: Poisonous Vapours
  3123 | D:2      | Noticed Natasha
  3126 | D:2      | Killed Natasha
  3339 | D:2      | Noticed Natasha
  3343 | D:2      | Killed Natasha
  3506 | D:3      | Found a broken altar of Ashenzari.
  3815 | D:3      | Reached XP level 6. HP: 22/42 MP: 7/9
  3824 | D:3      | Reached skill level 1 in Short Blades
  4415 | D:4      | Reached skill level 1 in Shields
  4630 | D:4      | Found Zin's Purification Station.
  4632 | D:4      | Found a glowing silver altar of Zin.
  4736 | D:4      | Bought a potion of curing for 90 gold pieces
  4764 | D:4      | Reached XP level 7. HP: 45/47 MP: 10/10
  5302 | D:5      | Killed Ijyb
  5308 | D:5      | Learned a level 4 spell: Olgreb's Toxic Radiance
  5386 | D:5      | Found Hiaculun's Vocational Training.
  5523 | D:6      | Reached XP level 8. HP: 43/54 MP: 12/12
  5669 | D:6      | Reached skill level 8 in Stealth
  6000 | D:6      | Reached skill level 5 in Poison Magic
  6855 | D:7      | Found a sparkling altar of Nemelex Xobeh.
  6855 | D:7      | Found a stormy altar of Qazlal.
  6855 | D:7      | Found a hide-covered altar of Uskayaw.
  7036 | D:7      | Found a snail-covered altar of Cheibriados.
  7037 | D:7      | Found an ancient bone altar of Kikubaaqudgha.
  7040 | D:7      | Found a burning altar of Makhleb.
  7453 | D:8      | Reached XP level 9. HP: 33/57 MP: 15/15
  7653 | D:8      | Reached skill level 5 in Fighting
  7728 | D:7      | Found a shimmering altar of Xom.
  7728 | D:7      | Found an opulent altar of Gozag.
  7732 | D:7      | Became a worshipper of Gozag Ym Sagoz the Greedy
  7918 | D:8      | Found a staircase to the Lair.
  8372 | D:8      | Reached skill level 9 in Stealth
  8499 | D:8      | Reached skill level 5 in Spellcasting
  8559 | D:9      | Noticed Erica
  8568 | D:9      | Killed Erica
  8569 | D:9      | Reached skill level 1 in Transmutations
  8569 | D:9      | Reached skill level 1 in Air Magic
  8651 | D:9      | Noticed Psyche
  8653 | D:9      | Noticed a two-headed ogre
  8661 | D:9      | Annihilated by a two-headed ogre

Illustrated notes

Levels and vault maps discovered:
D:1:      spicycebolla_arrival_transporter_tutorial, layout_basic,
          ebering_ecumenical_altar_hall
D:2:      layout_basic, grunt_decor_mini_mirrors, minmay_misc_feat_doors,
          uniq_robin, uniq_natasha
D:3:      layout_loops_ring, mainiacjoe_overflow_boulevard,
          nicolae_grassy_gnolls
D:4:      minmay_door_path, layout_gridville, zin_purify, temple_pool_b
D:5:      minmay_razor_zed, layout_layer_cave, tgw_trog,
          nicolae_shop_vocational, uniq_blork_the_orc, uniq_ijyb
D:6:      layout_basic
D:7:      layout_basic, nicolae_overflow_hidden_temple,
          chequers_temple_overflow_statue_of_worship, dreamdust_wishing_well
D:8:      layout_loops_cross, lair_entry_dummy
D:9:      layout_cave_pools, ebering_ghost_disaster_area, uniq_erica,
          uniq_psyche
Temple:   chequers_temple_sunken

Skill      XL: |  1  2  3  4  5  6  7  8  9 |
---------------+----------------------------+-----
Stealth        | 7 8 9 |  9.3
Poison Magic   | 1 2 3 4 5 7 |  7.2
Spellcasting   | 1 2 3 4 5 |  5.2
Dodging        | 3 4 |  4.9
Short Blades   | 1 2 3 |  3.9
Shields        | 1 2 3 |  3.0
Fighting       | 4 5 |  5.4
Transmutations | 1 |  1.4
Air Magic      | 1 |  1.3
Axes           | |  2.6

Action                   |  1- 3 |  4- 6 |  7- 9 || total
-------------------------+-------+-------+-------++-------
Melee: Hand axe          |    33 |     3 |       ||    36
       Tentacles         |     5 |    14 |    27 ||    46
       Constrict         |     7 |    18 |    19 ||    44
       Punch             |     1 |     2 |     1 ||     4
       Short sword       |       |    95 |   106 ||   201
       Sling             |       |       |     1 ||     1
 Fire: Sling             |       |       |     7 ||     7
 Cast: Poisonous Vapours |       |     1 |    28 ||    29
       Olgreb's Toxic Ra |       |       |     1 ||     1
Evoke: Wand              |     2 |       |     1 ||     3
  Use: Scroll            |     3 |     8 |    10 ||    21
       Potion            |     2 |       |     4 ||     6
 Stab: Sleeping          |     6 |    21 |    12 ||    39
       Distracted        |       |     1 |       ||     1
Armor: Skin              |     1 |    14 |    15 ||    30
Dodge: Dodged            |    15 |    61 |    69 ||   145
Block: Buckler           |       |       |     6 ||     6
